 Dungeon Crawl Stone Soup version 0.29-a0-337-g68df138881 (webtiles) character file.

Game seed: 5467280717319960552

17 spaghetti the Caller (level 2, 9/24 HPs)
             Began as a Deep Dwarf Summoner on Apr 17, 2022.
             Quit the game on level 3 of the Dungeon.
             The game lasted 00:01:58 (669 turns).

spaghetti the Caller (Deep Dwarf Summoner)           Turns: 669, Time: 00:01:58

Health: 9/24       AC:  4    Str: 17    XL:     2   Next: 44%
Magic:  3/5        EV: 12    Int: 15    God:
Gold:   39         SH:  0    Dex: 13    Spells: 4/5 levels left

rFire   . . .      SeeInvis .   j - +0 hand axe {axe}
rCold   . . .      Faith    .   (no shield)
rNeg    . . .      Spirit   .   a - +0 robe
rPois   .          Reflect  .   (no helmet)
rElec   .          Harm     .   (no cloak)
rCorr   .          Rampage  .   f - +1 pair of gloves
Will    .....                   (no boots)
Stlth   ++........              (no amulet)
HPRegen 0.00/turn               h - +6 ring of strength
MPRegen 0.09/turn               (no ring)

@: no status effects
A: damage resistance, heal wounds, sense surroundings 1, no regeneration
a: Heal Wounds


You were on level 3 of the Dungeon.
You visited 1 branch of the dungeon, and saw 3 of its levels.

You collected 39 gold pieces.


Innate Abilities, Weirdness & Mutations

You are resistant to damage.
You can heal yourself by infusing magical energy.
You passively map a small area around you.
You do not regenerate.


   Skills:
 + Level 0.7 Fighting
 + Level 2.5 Dodging
 - Level 2.4 Stealth
 * Level 2.0 Spellcasting
 + Level 3.7 Summonings


You had 4 spell levels left.
You knew the following spells:

 Your Spells              Type           Power      Damage    Failure   Level
a - Summon Small Mammal   Summ           48%        N/A       4%          1

Your spell library contained the following spells:

 Spells                   Type           Power      Damage    Failure   Level
 Call Imp                 Summ           12%        N/A       7%          2
 Call Canine Familiar     Summ           12%        N/A       14%         3
 Slow                     Hex            4%         N/A       22%         1
 Summon Guardian Golem    Hex/Summ       7%         N/A       30%         3
 Confusing Touch          Hex            1%         N/A       54%         3
 Vampiric Draining        Necr           1%         2d6       54%         3
 Summon Lightning Spire   Summ/Air       7%         N/A       71%         4

Inventory:

Hand Weapons
 j - a +0 hand axe (weapon) {axe}
   (You found it on level 3 of the Dungeon)
Missiles
 e - 2 atropa-tipped darts {throwing}
Armour
 a - a +0 robe (worn)
 f - a +1 pair of gloves (worn)
   (You found it on level 1 of the Dungeon)
Jewellery
 g - a ring of ice
   (You found it on level 2 of the Dungeon)
 h - a +6 ring of strength (left hand)
   (You found it on level 3 of the Dungeon)
Scrolls
 d - 2 scrolls of identify {unknown}
 i - 3 scrolls of fog {unknown}
Potions
 b - a potion of magic
 c - a potion of might
 k - a potion of attraction {unknown}

Dungeon Overview and Level Annotations

Branches:
Dungeon (3/15)

Altars:

#[.......# ≈, #........# #.
#........# #. , #........#
## ** , #........# , ######
#........# * #.?..#
#........# ,, *
##.##r#########...####### *
#...#...@................
#..†⌠.+.#########...#######
, ........###
#####...####### *
...>....###,
,............... *#.....###
* ############### ##.⌠.#
*#.... * ...<.,, **


You could see a friendly rat (summoned).


Message History

Casting: Summon Small Mammal (safe; 4% risk of failure)
Confirm with . or Enter, or press ? or * to list all spells.
The jackal barks! x2
An endoplasm comes into view. 😨 MP[-1]
You lost 1 mp, and now have 4/5 mp.
Casting: Summon Small Mammal (safe; 4% risk of failure)
Confirm with . or Enter, or press ? or * to list all spells.
You don't know that spell.
Casting: Summon Small Mammal (safe; 4% risk of failure)
Confirm with . or Enter, or press ? or * to list all spells.
You don't know that spell.
Casting: Summon Small Mammal (safe; 4% risk of failure)
Confirm with . or Enter, or press ? or * to list all spells.
😨 MP[-1]
You lost 1 mp, and now have 3/5 mp.
Your quokka bites the jackal.
The jackal bites your quokka. The jackal bites your quokka.
Your quokka bites the jackal.
The jackal bites your quokka. The jackal closely misses your quokka.
Your quokka bites the jackal.
The jackal dies!
Your rat bites the jackal but does no damage.
An adder comes into view.
Your rat barely misses the jackal.
Something completely misses your quokka.
There is a stone staircase leading down here.
The adder hisses angrily.
You climb downwards.
There is a stone staircase leading up here.
Unknown command.
Unknown command.
Unknown command.
Key pressed, stopping explore.
h - a +6 ring of strength 😨 MP[+2]
Your mp is fully restored (5).
i - 3 scrolls labelled YNANAONT HOTUO
j - a +0 hand axe {axe} You feel stronger.
h - a +6 ring of strength (left hand)
k - a ruby potion Key pressed, stopping explore.
Key pressed, stopping explore.
Found a stone staircase leading down.
Unknown command.
A quokka comes into view.
You see here a scroll labelled VYGOM CUCUXZUYFU.
A quokka is nearby!
A quokka is nearby!
A ball python comes into view.
Found an escape hatch in the ceiling.
Casting: Summon Small Mammal (safe; 4% risk of failure)
Confirm with . or Enter, or press ? or * to list all spells.
The ball python hisses angrily.
You hear an angry hiss. 😨 MP[-1]
You lost 1 mp, and now have 4/5 mp.
Casting: Summon Small Mammal (safe; 4% risk of failure)
Confirm with . or Enter, or press ? or * to list all spells.
The quokka misses you.
A sky beast comes into view. 😨 MP[-1]
You lost 1 mp, and now have 3/5 mp.
Unknown command.
Really attack while wielding nothing? [Y]es or [N]o only, please.
Really attack while wielding nothing?
Okay, then.
j - a +0 hand axe (weapon)
{axe} The quokka bites you.
* * * LOW HITPOINT WARNING * * *
😨 HP[-2]
You take 2 damage, and now have 9/24 hp.
You hit the quokka but do no damage.
Your rat closely misses the quokka.
The quokka misses you.
Your quokka closely misses the quokka.
The ball python bites your rat.
Your rat dies!
Your rat's corpse disappears in a puff of smoke!
You closely miss the quokka. The quokka bites you.
Your quokka barely misses the quokka.
The quokka barely misses you.
You barely miss the quokka. You hit the ball python.
You kill the ball python!
Your quokka barely misses the quokka.
The quokka misses you.
Your quokka bites the quokka but does no damage.
You hit the quokka.
You kill the quokka!
The sky beast flickers out of sight!
Deactivating autopickup; reactivate with Ctrl-A.
Something misses your quokka.
Casting: Summon Small Mammal (safe; 4% risk of failure)
Confirm with . or Enter, or press ? or * to list all spells.
Something closely misses your quokka. 😨 MP[-1]
You lost 1 mp, and now have 2/5 mp.
You see here a scroll labelled VYGOM CUCUXZUYFU. 😨 MP[+1]
Something hits your quokka. Something shocks your quokka.
Your quokka dies!
Your quokka's corpse disappears in a puff of smoke!
Unknown command.
Are you sure you want to abandon this character and quit the game? (Confirm with "yes".)

Skill      XL: |  1  2 |
---------------+-------+-----
Spellcasting   | 2 |  2.0
Fighting       | |  0.7
Dodging        | |  2.5
Stealth        | |  2.4
Summonings     | |  3.7

Action                   || total
-------------------------++-------
Melee: Unarmed           ||    13
       Hand axe          ||     4
 Cast: Summon Small Mamm ||    19
  Use: Potion            ||     1
 Stab: Sleeping          ||     1
Armor: Robe              ||     1
Dodge: Dodged            ||    15

Levels and vault maps discovered:
D:1:      ncdulo_halloftheorcs, layout_basic, serial_shops,
          nicolae_shop_competitors_out_of_business, minmay_tromino_mix6
D:2:      layout_basic, dreamdust_ecumenical_altar_hidden_monk_grotto,
          uniq_sigmund, uniq_terence
D:3:      layout_basic, chequers_serial_rivers_large_b, grunt_ministairs_13

Notes
Turn   | Place    | Note
-------+----------+-------------------------------------------
     0 | D:1      | spaghetti the Deep Dwarf Summoner began the quest for the
                  | Orb.
     0 | D:1      | Reached XP level 1. HP: 15/15 MP: 3/3
     0 | D:1      | magus.rc [v1.9.6]
   134 | D:1      | Reached XP level 2. HP: 11/24 MP: 1/4
   162 | D:1      | You pick up a book of Debilitation and begin reading...
   162 | D:1      | You add the spells Slow, Vampiric Draining and Confusing
                  | Touch to your library.
   244 | D:1      | Reached skill level 2 in Spellcasting
   654 | D:3      | Noticed a sky beast
   669 | D:3      | Quit the game

Vanquished Creatures
  An endoplasm (D:1)
  2 quokkas
  2 ball pythons
  A bat (D:1)
  2 rats (D:1)
8 creatures vanquished.

Vanquished Creatures (collateral kills)
  2 dart slugs (D:1)
  2 hobgoblins (D:1)
  A jackal (D:2)
5 creatures vanquished.

Grand Total: 13 creatures vanquished

Table legend:
 A = Non-vault XP
 B = Vault XP
 C = Vault XP percentage of total XP
 D = Non-vault monster count
 E = Vault monster count
 F = Vault count percentage of total count
                 A         B        C        D         E       F
            +---------+---------+-------+---------+---------+-------
      Total |      25 |       0 |   0.0 |      13 |       0 |   0.0
            +---------+---------+-------+---------+---------+-------
        D:1 |      20 |       0 |   0.0 |      10 |       0 |   0.0
        D:2 |       2 |       0 |   0.0 |       1 |       0 |   0.0
        D:3 |       3 |       0 |   0.0 |       2 |       0 |   0.0
            +---------+---------+-------+---------+---------+-------

Illustrated notes

Table legend:
 A = Kills in this place as a percentage of kills in entire the game.
 B = Kills by you in this place as a percentage of kills by you in the entire game.
 C = Kills by friends in this place as a percentage of kills by friends in the entire game.
 D = Other kills in this place as a percentage of other kills in the entire game.
 E = Experience gained in this place as a percentage of experience gained in the entire game.
 F = Experience gained in this place divided by the number of levels of this place that you have seen.
                   A       B       C       D       E      F
               +-------+-------+-------+-------+-------+----------------------
         Total | 100.0 | 100.0 | 100.0 |   N/A | 100.0 |   8.3
       Dungeon | 100.0 | 100.0 | 100.0 |   N/A | 100.0 |   8.3
               +-------+-------+-------+-------+-------+----------------------

Table legend: (Time is in decaauts)
 A = Elapsed time spent in this place.
 B = Non-inter-level travel time spent in this place.
 C = Inter-level travel time spent in this place.
 D = Time resting spent in this place.
 E = Time spent auto-exploring this place.
 F = Levels seen in this place.
 G = Mean time per level.
                   A        B        C        D        E       F      G
               +--------+--------+--------+--------+--------+-----+--------+
         Total |    668 |    581 |     87 |      0 |    437 |   3 |  222.7 |
       Dungeon |    668 |    581 |     87 |      0 |    437 |   3 |  222.7 |
               +--------+--------+--------+--------+--------+-----+--------+

Top non-repeatable levels by time:
     D:1: 511 daAuts
     D:3: 135 daAuts
     D:2: 21 daAuts
